 Dungeon Crawl Stone Soup version bcrawl-1.12-8-g964540c432 (webtiles) character file.

Game seed: 15507148360081370593

46 Gumption the Magician (level 3, 0/21 HPs)
             Began as a Fairy Wizard on June 3, 2019.
             Slain by an orc wizard
             ... wielding a +2 dagger of protection
              (1 damage)
             ... on level 2 of the Dungeon.
             The game lasted 00:13:25 (1781 turns).

Gumption the Magician (Fairy Wizard)                Turns: 1781, Time: 00:13:26

Health: 0/21       AC:  5    Str:  5    XL:     3   Next: 68%
Magic:  11/11      EV: 16    Int: 22    God:
Gold:   130        SH:  4    Dex: 10    Spells: 2/11 levels left

rFire    . . .     SeeInvis .   a - -3 whip (curse)
rCold    . . .     Gourm    .   (shield restricted)
rNeg     . . .     Faith    .   (armour unavailable)
rPois    .         Spirit   .   e - +0 hat
rElec    .         Reflect  .   j - +0 cloak
rCorr    .         Harm     .   (no gloves)
MR       .....                  (no boots)
Stlth    +.........             (no amulet)
HPRegen  0.07/turn              (no ring)
MPRegen  0.12/turn              (no ring)

@: flying evasively
A: small, magic attunement, unstealthy, unfitting armour, able to fly, AC/SH +4
a: Stop Flying


You were on level 2 of the Dungeon.
You were not hungry.

You visited 1 branch of the dungeon, and saw 2 of its levels.

You collected 130 gold pieces.

Inventory:

Hand Weapons
 a - a cursed -3 whip (weapon)
Armour
 e - a +0 hat (worn)
 g - a +2 shield
 j - a +0 cloak (worn)
Scrolls
 d - a scroll of immolation {unknown}
 f - a scroll of blinking {unknown}
 i - a scroll of teleportation {unknown}
 l - 3 scrolls of identify
Potions
 b - 2 potions of curing
 h - 2 potions of lignification
 k - a potion of berserk rage {unknown}
 m - a potion of invisibility {unknown}
Comestibles
 c - 5 rations {!d}


   Skills:
 + Level 3.4 Dodging
 - Level 1.5 Stealth
 + Level 4.5 Spellcasting
 * Level 3.0 Conjurations
 + Level 1.1 Summonings
 + Level 1.0 Translocations


You had 2 spell levels left.
You knew the following spells:

 Your Spells              Type           Power        Failure   Level  Hunger
a - Magic Dart            Conj           ###.         3%          1    None
b - Slow                  Hex            #.......     11%         1    None
c - Blink                 Tloc           N/A          11%         2    None
d - Call Imp              Summ           #.......     10%         2    None
e - Mephitic Cloud        Conj/Pois/Air  #.......     22%         3    None

Your spell library contained the following spells:

 Spells                   Type           Power        Failure   Level  Hunger
 Conjure Flame            Conj/Fire      ##......     17%         3    None


Dungeon Overview and Level Annotations

Branches:
Dungeon (2/12)

Altars:

Annotations:
D:2 Robin


Innate Abilities, Weirdness & Mutations

Your spells do not cause hunger and MP costs are reduced by 1.
Your bright wings attract enemies. (Stealth-)
You cannot fit into any form of body armour.
Your shimmering scales are hard and can block incoming attacks. (AC +4, SH +4)
You are small and have problems with some larger weapons.
You can fly continuously.


Message History

The orc wizard is severely wounded.
You block the orc wizard's attack.
Casting: Magic Dart (safe; 3% risk of failure)
Confirm with . or Enter, or press ? or * to list all spells.
Aiming: Magic Dart (safe; 3% risk of failure)
Press: ? - help, Shift-Dir - straight line, f/p - orc wizard
Aim: an orc wizard, wielding a +2 dagger of protection and wearing a +0 robe (severely wounded)
The magic dart hits the orc wizard.
The orc wizard is severely wounded.
The orc wizard hits you with a +2 dagger of protection.
* * * LOW HITPOINT WARNING * * *
Casting: Magic Dart (safe; 3% risk of failure)
Confirm with . or Enter, or press ? or * to list all spells.
Aiming: Magic Dart (safe; 3% risk of failure)
Press: ? - help, Shift-Dir - straight line, f/p - orc wizard
Aim: an orc wizard, wielding a +2 dagger of protection and wearing a +0 robe (severely wounded)
The magic dart hits the orc wizard.
The orc wizard is almost dead.
The orc wizard hits you with a +2 dagger of protection.
You die...

##.....## ##....P..##
#.....♣PP.##
#...♣♣♣P.♣.##
#####.P.♣♣......##
.......♣♣........#
######.♣♣♣...P...#######
.......P♣♣♣♣♣...........
.##.#..P..♣♣♣.##@##.####
.##.#......P.###o## #
.>#.#.......#.....#
..#.#.......#.....#+#+###
..#.#..###'##...........#
..#.#..# .##...........#
.......# ##...........#
##.... #...........+ ....
####........#


You could see an orc wizard.

Vanquished Creatures
  An ooze (D:1)
  4 worms
  A dart slug (D:1)
  2 orcs (D:2)
  4 goblins
  2 hobgoblins
  6 kobolds
  A quokka (D:2)
  4 bats (D:1)
  2 frilled lizards
  2 rats (D:1)
29 creatures vanquished.

Notes
Turn   | Place    | Note
-------+----------+-------------------------------------------
     0 | D:1      | Gumption the Fairy Wizard began the quest for the Orb.
     0 | D:1      | Reached XP level 1. HP: 11/11 MP: 7/7
   133 | D:1      | Reached XP level 2. HP: 15/17 MP: 9/9
   719 | D:1      | Reached XP level 3. HP: 21/21 MP: 10/10
   731 | D:1      | Learned a level 1 spell: Slow
   734 | D:1      | Learned a level 2 spell: Blink
   737 | D:1      | Learned a level 2 spell: Call Imp
   741 | D:1      | Learned a level 3 spell: Mephitic Cloud
  1448 | D:2      | Noticed Robin
  1780 | D:2      | HP: 1/21 [orc wizard/+2 dagger of protection (2)]
  1781 | D:2      | Slain by an orc wizard

Skill      XL: |  1  2  3 |
---------------+----------+-----
Conjurations   | 2 3 |  3.0
Dodging        | 3 |  3.4
Stealth        | |  1.5
Spellcasting   | |  4.5
Summonings     | |  1.1
Translocations | |  1.0

Action                   || total
-------------------------++-------
Melee: Whip              ||     7
 Cast: Magic Dart        ||   162
       Slow              ||     1
  Use: Scroll            ||     2
       Potion            ||     1
  Eat: Chunk             ||     2
Armor: Skin              ||    10
Dodge: Dodged            ||    31
Block: Other             ||    12
